 Dungeon Crawl Stone Soup version 0.29.1-15-g9cfb28693d (webtiles) character file.

Game seed: 4244240759796284553

2487 tizbic2 the Fighter (level 9, -2/93 (98) HPs)
             Began as an Ogre Berserker on Apr 27, 2023.
             Was a Priest of Trog.
             Slain by a gnoll bouda
             ... wielding a +0 club
              (5 damage)
             ... on level 7 of the Dungeon.
             The game lasted 00:25:59 (7240 turns).

tizbic2 the Fighter (Ogre Berserker)                Turns: 7240, Time: 00:26:00

HP:   -2/93 (98)    AC:  3    Str: 27    XL:     9   Next: 52%
MP:   9/9           EV: 11    Int:  8    God:    Trog [***...]
Gold: 328           SH:  5    Dex:  8    Spells: 8/8 levels left

rFire   + + .      SeeInvis .   v - +2 battleaxe
rCold   + + .      Faith    .   (shield currently unavailable)
rNeg    . . .      Spirit   .   k - +0 robe
rPois   .          Reflect  +   (helmet restricted)
rElec   .          Harm     .   m - scarf {rC+ rF+}
rCorr   .          Rampage  .   (gloves unavailable)
Will    ++...                   (boots unavailable)
Stlth   +.........              E - amulet of reflection
HPRegen 1.25/turn               l - +4 ring of slaying
MPRegen 0.11/turn               p - ring of protection from fire

@: about to teleport, strong-willed, on berserk cooldown, regenerating, slowed,
drained, very slow
A: large, unfitting armour, tough skin 1, cold resistance 1
a: Renounce Religion, Berserk, Trog's Hand


You were on level 7 of the Dungeon.
You worshipped Trog.
Trog was most pleased with you.
You visited 2 branches of the dungeon, and saw 8 of its levels.

You collected 328 gold pieces.

Inventory:

Hand Weapons
 a - a +1 giant club
 h - a +5 vorpal spear
 j - a +1 falchion of electrocution
 q - a +4 halberd
 t - a +0 vorpal war axe
 u - a +0 double sword
 v - a +2 battleaxe (weapon)
 w - a +1 mace of holy wrath
 y - a +0 giant spiked club
Missiles
 e - 74 stones (quivered)
 f - 7 boomerangs
 g - 2 curare-tipped darts
 x - 6 poisoned darts
Armour
 k - a +0 robe (worn)
 m - a scarf of resistance (worn)
Jewellery
 l - a +4 ring of slaying (left hand)
 p - a ring of protection from fire (right hand)
 E - an amulet of reflection (around neck)
Wands
 o - a wand of quicksilver (4)
 r - a wand of flame (26)
Scrolls
 i - a scroll of teleportation
Potions
 b - 3 potions of curing {unknown}
 c - a potion of flight {unknown}
 d - a potion of attraction {unknown}
 n - a potion of ambrosia
 s - 2 potions of resistance
 A - 2 potions of haste
 B - 3 potions of degeneration {unknown}
 C - a potion of might {unknown}
 D - a potion of brilliance {unknown}


   Skills:
 + Level 9.2 Fighting
 * Level 8.6 Maces & Flails
 + Level 6.3 Dodging


You had 8 spell levels left.
You didn't know any spells.
Your spell library was empty.

Dungeon Overview and Level Annotations

Branches:
Dungeon (7/15)             Temple (1/1) D:5

Altars:
Ashenzari
Cheibriados
Dithmenos
Fedhas
Gozag
Hepliaklqana
Nemelex Xobeh
Qazlal
Ru
Sif Muna
Trog
Uskayaw
Vehumet
Wu Jian
Xom
Yredelemnul
Zin
The Shining One

Shops:
D:1 :

Annotations:
D:5 2 transporters, venomsnake's ghost, novice MiBe
Temple 4 transporters


Innate Abilities, Weirdness & Mutations

You are too large for most types of armour.
You have tough skin. (AC +1)
Your flesh is cold resistant. (rC+)


Message History

The gnoll bouda shouts!
The gnoll shouts!
You hear a shout!
A bullfrog comes into view.
A gnoll comes into view. It is wielding a +0 whip.
A gnoll comes into view. It is wielding a +0 flail.
A gnoll comes into view. It is wielding a +0 spear.
Your skin crawls.
You feel strong-willed.
You hit the gnoll bouda but do no damage.
The gnoll bouda hits you but does no damage.
The gnoll bouda hits you with a +0 club.
* * * LOW HITPOINT WARNING * * *
The wight hits you with a +0 hand axe.
* * * LOW HITPOINT WARNING * * *
You feel drained.
You feel much better.
The gnoll bouda barks out a call to the hunt!
The gnolls pick up the pace!
You block the wight's attack.
The gnoll bouda hits you with a +0 club!
* * * LOW HITPOINT WARNING * * *
The gnoll hits you with a +0 whip.
* * * LOW HITPOINT WARNING * * *
The wight hits you with a +0 hand axe.
* * * LOW HITPOINT WARNING * * *
You feel drained.
* * * LOW HITPOINT WARNING * * *
You hear a howl!
As you read the scroll of teleportation, it crumbles to dust.
You feel strangely unstable.
The gnoll hits you from afar with a +0 spear!
* * * LOW HITPOINT WARNING * * *
The gnoll bouda barely misses you. You block the wight's attack.
A howler monkey comes into view.
The gnoll closely misses you. The gnoll hits you with a +0 whip.
* * * LOW HITPOINT WARNING * * *
Okay, then.
The wight barely misses you. The gnoll hits you with a +0 whip.
* * * LOW HITPOINT WARNING * * *
The gnoll bouda hits you with a +0 club.
You die...

..# ....#.##
...####....###
.............#
#.##.....#...# ###
#.....†.###..###.##
......†##
##.##...##
.....)..#
#........#
##.).#.##
##.#....## #.z.####
####z@g.# ..)##
##gg.# ....####
#gg.## .##..#.##
#....# .).#....#
...#.## ....##.##
#......
....#...###.......
.........#.... .h.
.......#....#...>..


You could see a gnoll bouda, a howler monkey, a wight and 4 gnolls.

Vanquished Creatures
  Sigmund (D:5)
  A steam dragon (D:7)
  Menkaure (D:7)
  A sky beast (D:7)
  An ice beast (D:5)
  A black bear (D:5)
  3 ogres
  2 phantoms
  A gnoll sergeant (D:6)
  2 bullfrogs (D:7)
  A scorpion (D:6)
  8 wights
  A howler monkey (D:7)
  2 hounds
  2 jellies
  An orc priest (D:6)
  8 iguanas
  Ijyb (D:5)
  2 orc wizards
  Terence (D:2)
  7 gnolls (D:6)
  6 adders
  A river rat (D:5)
  A white imp (D:6)
  2 ufetubi
  A worm (D:5)
  4 dart slugs
  20 orcs
  4 bats
  8 endoplasms
  5 giant cockroaches
  6 goblins
  10 hobgoblins
  4 jackals (D:2)
  10 kobolds
  4 quokkas
  5 ball pythons
  2 frilled lizards
  10 rats
151 creatures vanquished.

Vanquished Creatures (others)
  5 plants (D:4)
5 creatures vanquished.

Grand Total: 156 creatures vanquished

Notes
Turn   | Place    | Note
-------+----------+-------------------------------------------
     0 | D:1      | tizbic2 the Ogre Berserker began the quest for the Orb.
     0 | D:1      | Reached XP level 1. HP: 24/24 MP: 1/1
   154 | D:1      | Reached XP level 2. HP: 27/32 MP: 2/2
   218 | D:1      | Found a faded altar of an unknown god.
   432 | D:1      | Found Egabred's Book Shoppe.
   570 | D:1      | Reached XP level 3. HP: 27/40 MP: 3/3
   936 | D:2      | Noticed Terence
   945 | D:2      | Killed Terence
   946 | D:2      | Reached XP level 4. HP: 49/49 MP: 4/4
  1698 | D:3      | Reached skill level 5 in Fighting
  1802 | D:3      | Reached ** piety under Trog
  1913 | D:3      | Gained mutation: Your flesh is cold resistant. (rC+)
                  | [potion of mutation]
  1946 | D:3      | Reached XP level 5. HP: 55/57 MP: 5/5
  2631 | D:4      | Reached XP level 6. HP: 63/66 MP: 6/6
  2645 | D:4      | Found an opulent altar of Gozag.
  2911 | D:4      | Found a hide-covered altar of Uskayaw.
  2912 | D:4      | Found a sacrificial altar of Ru.
  2912 | D:4      | Found a bloodstained altar of Trog.
  2914 | D:4      | Found a shimmering blue altar of Sif Muna.
  3826 | D:5      | Entered Level 5 of the Dungeon
  3827 | D:5      | Noticed a black bear
  3832 | D:5      | Killed a black bear
  3833 | D:5      | Reached skill level 6 in Fighting
  3833 | D:5      | Reached skill level 5 in Maces & Flails
  3906 | D:5      | Reached XP level 7. HP: 75/75 MP: 7/7
  4179 | D:5      | Reached skill level 7 in Fighting
  4369 | D:5      | Found a glowing golden altar of the Shining One.
  4395 | D:5      | Found a transporter.
  4395 | D:5      | Noticed venomsnake's ghost (novice MiBe)
  4399 | D:5      | Found a transporter.
  4450 | D:5      | Noticed Sigmund
  4456 | D:5      | Killed Sigmund
  4457 | D:5      | Reached skill level 5 in Dodging
  4457 | D:5      | Reached XP level 8. HP: 87/87 MP: 8/8
  4462 | D:5      | Noticed Ijyb
  4481 | D:5      | Killed Ijyb
  4787 | D:5      | Found a staircase to the Ecumenical Temple.
  4801 | Temple   | Entered the Ecumenical Temple
  4801 | Temple   | Found a transporter.
  4801 | Temple   | Found a transporter.
  4867 | Temple   | Found a transporter.
  4867 | Temple   | Found a transporter.
  5414 | D:5      | Reached *** piety under Trog
  5463 | D:5      | Found a sparkling altar of Nemelex Xobeh.
  5550 | D:5      | Found a hazy altar of Hepliaklqana.
  6296 | D:6      | Reached skill level 8 in Fighting
  6464 | D:6      | Reached XP level 9. HP: 89/97 MP: 9/9
  7073 | D:7      | Noticed Menkaure
  7079 | D:7      | Killed Menkaure
  7175 | D:7      | Reached skill level 9 in Fighting
  7239 | D:7      | HP: 2/93 [gnoll/+0 whip[a gnoll bouda] (6)]
  7240 | D:7      | Slain by a gnoll bouda

Illustrated notes

Levels and vault maps discovered:
D:1:      minmay_arrival_open_corners, layout_loops_ring,
          hellmonk_ecumenical_altar_inner_sanctum, serial_shops, shop
D:2:      layout_basic, uniq_terence
D:3:      layout_loops_cross
D:4:      corexii_shack_village, layout_loops_ring, grunt_gozag_breadcrumbs,
          chequers_temple_overflow_statue_of_worship
D:5:      layout_loops_ring, worldfamousw_hep_ancestral_shrine,
          nicolae_overflow_crystal_walls, lemuel_crystal_altar,
          minmay_temple_entry_enclosed_plants, gammafunk_ghost_arena,
          gup_sewer_entry_bubbles, uniq_sigmund, uniq_ijyb
D:6:      layout_basic, enter_ossuary_5
D:7:      cheibrodos_steamvent, layout_cave_pools,
          minmay_fractal_squares_gapless_5, uniq_prince_ribbit1, uniq_menkaure
Temple:   hellmonk_temple_divided_pantheon

Skill      XL: |  1  2  3  4  5  6  7  8  9 |
---------------+----------------------------+-----
Dodging        | 3 4 5 6 |  6.3
Maces & Flails | 3 4 5 6 7 8 |  8.6
Fighting       | 5 6 7 8 9 |  9.2

Action                   |  1- 3 |  4- 6 |  7- 9 || total
-------------------------+-------+-------+-------++-------
Melee: Mace              |    64 |   134 |    94 ||   292
       Punch             |     1 |       |     1 ||     2
       Falchion          |       |    19 |       ||    19
       Flail             |       |    11 |       ||    11
       Halberd           |       |       |    29 ||    29
       Giant club        |       |       |    66 ||    66
       Battleaxe         |       |       |    10 ||    10
       Spear             |       |       |     3 ||     3
       Giant spiked club |       |       |     3 ||     3
Throw: Stone             |     3 |       |       ||     3
       Boomerang         |     2 |     3 |       ||     5
       Dart              |       |       |     2 ||     2
Invok: Berserk           |     2 |     5 |     7 ||    14
       Trog's Hand       |       |       |     2 ||     2
  Use: Scroll            |       |     3 |    11 ||    14
       Potion            |       |     1 |     2 ||     3
Armor: Animal skin       |    24 |       |       ||    24
       Robe              |       |    37 |    33 ||    70
       Skin              |       |       |    11 ||    11
Dodge: Dodged            |    43 |    79 |    74 ||   196
Block: Other             |       |       |    12 ||    12
